 Dungeon Crawl Stone Soup version 0.30.0 (webtiles) character file.

Game seed: 1142288404632816959

19 bruuuuuh the Cudgeller (level 2, 0/26 HPs)
             Began as a Minotaur Berserker on Nov 30, 2023.
             Was a Follower of Trog.
             Slain by an adder (3 damage)
             ... on level 2 of the Dungeon.
             The game lasted 00:01:37 (847 turns).

bruuuuuh the Cudgeller (Minotaur Berserker)          Turns: 847, Time: 00:01:37

Health: 0/26       AC:  2    Str: 21    XL:     2   Next: 55%
Magic:  1/1        EV: 12    Int:  4    God:    Trog [*.....]
Gold:   124        SH:  0    Dex:  9    Spells: 1/1 levels left

rFire   . . .        a - +0 mace
rCold   . . .        (no shield)
rNeg    . . .        b - +0 animal skin
rPois   .            (helmet restricted)
rElec   .            (no cloak)
rCorr   .            (no gloves)
SInv    .            (no boots)
Will    .....        (no amulet)
Stlth   +            (no ring)
HPRegen 0.24/turn    (no ring)
MPRegen 0.07/turn

%: no passive effects
@: no status effects
A: horns 2, retaliatory headbutt
a: Renounce Religion, Berserk


You were on level 2 of the Dungeon.
You worshipped Trog.
Trog was aware of your devotion.
You visited 1 branch of the dungeon, and saw 2 of its levels.

You collected 124 gold pieces.

Inventory:

Hand Weapons
 a - a +0 mace (weapon)
Armour
 b - a +0 animal skin (worn)
Scrolls
 d - 2 scrolls of enchant armour {unknown}
 e - a scroll of teleportation {unknown}
 f - a scroll of identify {unknown}
Potions
 c - a potion of degeneration {unknown}


   Skills:
 - Level 3.6 Fighting
 + Level 4.8 Maces & Flails
 - Level 2.4 Armour
 - Level 2.1 Dodging


You had one spell level left.
You didn't know any spells.
Your spell library was empty.

Dungeon Overview and Level Annotations

Branches:
Dungeon (2/15)

Altars:


Innate Abilities, Weirdness & Mutations

You have a pair of horns on your head.
You reflexively headbutt those who attack you in melee.


Message History

An adder comes into view.
The frilled lizard barely misses you. You furiously retaliate!
You headbutt the frilled lizard, but do no damage.
You sock the hobgoblin!
You kill the hobgoblin!
Trog accepts your kill. The frilled lizard barely misses you.
You hit the frilled lizard but do no damage.
The bat closely misses you.
A bat comes into view.
The frilled lizard bites you.
The bat moves out of view.
You barely miss the hobgoblin. The bat misses you.
The frilled lizard bites you. The hobgoblin hits you.
The bat hits you but does no damage.
You hit the bat.
The bat is moderately wounded.
The bat closely misses you. The frilled lizard bites you.
The hobgoblin hits you. The bat hits you.
You miss the bat.
The bat is moderately wounded.
The bat barely misses you. The frilled lizard barely misses you.
The hobgoblin barely misses you. x2; The frilled lizard bites you.
You hit the adder. You headbutt the adder.
The adder is severely wounded.
The adder bites you. The bat barely misses you. You furiously retaliate!
You headbutt the bat!
You kill the bat!
Trog accepts your kill. The adder bites you but does no damage.
The frilled lizard closely misses you. The hobgoblin barely misses you.
You miss the adder.
The adder is severely wounded.
The adder bites you.
The frilled lizard bites you but does no damage.
The hobgoblin hits you.
* * * LOW HITPOINT WARNING * * *
The hobgoblin attacks as you move away! The hobgoblin hits you.
* * * LOW HITPOINT WARNING * * *
The adder bites you but does no damage. The adder bites you.
You die...

###... .##.
....# .#. ##
.#.# .. . ...
..###.# .#
...###.....##.##
......g#b......
.### #..†S.r.#
.....##..@lg#
#....###†..#
####<# ##.....
### .#.. ... ##


You could see an adder, 2 hobgoblins, a bat, a frilled lizard and a rat.

Vanquished Creatures
  2 ball pythons (D:1)
  5 bats
  An endoplasm (D:1)
  3 hobgoblins
  2 kobolds (D:1)
  2 frilled lizards (D:1)
  2 rats (D:1)
17 creatures vanquished.

Notes
Turn   | Place    | Note
-------+----------+-------------------------------------------
     0 | D:1      | bruuuuuh the Minotaur Berserker began the quest for the
                  | Orb.
     0 | D:1      | Reached XP level 1. HP: 19/19 MP: 0/0
    59 | D:1      | Reached skill level 4 in Maces & Flails
   132 | D:1      | Reached XP level 2. HP: 26/26 MP: 1/1
   847 | D:2      | Slain by an adder

Illustrated notes

Levels and vault maps discovered:
D:1:      dpeg_arrival_rooms_a, layout_loops_ring,
          chequers_serial_rivers_large_b
D:2:      layout_rooms, minmay_fractal_squares_5

Skill      XL: |  1 |
---------------+----+-----
Maces & Flails | 4 |  4.8
Fighting       | |  3.6
Armour         | |  2.4
Dodging        | |  2.1

Action                     || total
---------------------------++-------
  Melee: Mace              ||    29
         Headbutt          ||     3
   Stab: Sleeping          ||     1
 Armour: Animal skin       ||     9
  Dodge: Dodged            ||    26
